ITL
PORTLAND PRIVATEERS @ TUSCALOOSA TROUT SLAYERS
08/30/2026
 
TOP OF THE 1ST
Portland Privateers batting - Pitching for Tuscaloosa Trout Slayers : RHP Ronald Adams
Pitching: RHP Ronald Adams
Batting: RHB Luis Pineda 0-0: Ball
1-0: Ball
2-0: DOUBLE (Line Drive, 89D)
Batting: RHB Juan Sánchez 0-0: Ball
1-0: Ball
2-0: Called Strike
2-1: Foul Ball, location: 2F
2-2: Ball
3-2: Ground out 4-3 (Groundball, 4)
Luis Pineda to third
Batting: RHB Tomás Estrada 0-0: Reached on error, E6 (Groundball, 6)
Luis Pineda scores
Batting: SHB Patrick Larson 0-0: Called Strike
0-1: Ball
1-1: Ball
2-1: Reached on error, E4 (Groundball, 4)
Tomás Estrada to second
Batting: RHB Júlio Vélez 0-0: Ball
1-0: Grounds into double play, 6-4-3 (Groundball, 6)
Top of the 1st over - 1 run(s), 1 hit(s), 2 error(s), 1 left on base; Portland 1 - Tuscaloosa 0
BOTTOM OF THE 1ST
Tuscaloosa Trout Slayers batting - Pitching for Portland Privateers : LHP Pedro Santana
Pitching: LHP Pedro Santana
Batting: RHB Pat Fullerton 0-0: Bunt missed!
0-1: Swinging Strike
0-2: Ball
1-2: Ball
2-2: Foul Ball, location: 2F
2-2: Foul Ball, location: 2F
2-2: Ball
3-2: Base on Balls
Batting: LHB Ed Murray 0-0: Ball
1-0: Foul Ball, location: 2F
1-1: Called Strike
1-2: Ball
2-2: Foul Ball, location: 2F
2-2: Ball
3-2: SINGLE (Line Drive, 8RS)
Pat Fullerton to second
Batting: RHB Ryan McBride 0-0: Foul Ball, location: 2F
0-1: Grounds into double play, 5-4-3 (Groundball, 5)
Pat Fullerton to third
Batting: LHB Albert Morgan 0-0: Called Strike
0-1: Called Strike
0-2: Foul Ball, location: 2F
0-2: Foul Ball, location: 2F
0-2: Ball
1-2: Foul Ball, location: 2F
1-2: Foul Ball, location: 2F
1-2: Ball
2-2: Ball
3-2: SINGLE (Line Drive, 4D)
Pat Fullerton scores
Batting: RHB Lowie van den Bogaert 0-0: Ball
1-0: Foul Ball, location: 2F
1-1: Foul Ball, location: 2F
1-2: Ball
2-2: Ball
3-2: Reached on error, E6 (Groundball, 6)
Albert Morgan to second
Batting: RHB Pedro Rodríguez 0-0: Ball
1-0: Swinging Strike
1-1: Ball
2-1: Foul Ball, location: 2F
2-2: Ball
3-2: Foul Ball, location: 2F
3-2: Foul Ball, location: 2F
3-2: Base on Balls
Albert Morgan to third
Lowie van den Bogaert to second
Batting: LHB Marcos Villarreal 0-0: Called Strike
0-1: Ball
1-1: Swinging Strike
1-2: Ball
2-2: Foul Ball, location: 2F
2-2: GRAND SLAM HOME RUN (Flyball, 9D), Distance : 400 ft
Batting: RHB Tetsunori Ito 0-0: Ball
1-0: Foul Ball, location: 2F
1-1: Ball
2-1: Ball
3-1: Base on Balls
Batting: RHB Ben Morton 0-0: Called Strike
0-1: 2-RUN HOME RUN (Flyball, 8LXD), Distance : 428 ft
Batting: RHB Pat Fullerton 0-0: Called Strike
0-1: Swinging Strike
0-2: Ball
1-2: Ball
2-2: Foul Ball, location: 2F
2-2: Foul Ball, location: 2F
2-2: Ground out 5-3 (Groundball, 5)
Bottom of the 1st over - 7 run(s), 4 hit(s), 1 error(s), 0 left on base; Portland 1 - Tuscaloosa 7
TOP OF THE 2ND
Portland Privateers batting - Pitching for Tuscaloosa Trout Slayers : RHP Ronald Adams
Batting: LHB Juan Acotia 0-0: Foul Ball, location: 2F
0-1: Ball
1-1: Ball
2-1: Foul Ball, location: 2F
2-2: Foul Ball, location: 2F
2-2: Ground out 4-3 (Groundball, 4)
Batting: RHB Jorge Cora 0-0: Foul Ball, location: 2F
0-1: Ball
1-1: Ground out 6-3 (Groundball, 56)
Batting: LHB Dillon Beck 0-0: Called Strike
0-1: Swinging Strike
0-2: Foul Ball, location: 2F
0-2: Ball
1-2: Strikes out swinging
Top of the 2nd over - 0 run(s), 0 hit(s), 0 error(s), 0 left on base; Portland 1 - Tuscaloosa 7
BOTTOM OF THE 2ND
Tuscaloosa Trout Slayers batting - Pitching for Portland Privateers : LHP Pedro Santana
Batting: LHB Ed Murray 0-0: Ball
1-0: Called Strike
1-1: TRIPLE (Line Drive, 8RM)
Batting: RHB Ryan McBride 0-0: Called Strike
0-1: Ball
1-1: Called Strike
1-2: Ball
2-2: Foul Ball, location: 2F
2-2: Strikes out swinging
Batting: LHB Albert Morgan 0-0: Ball
1-0: Foul Ball, location: 2F
1-1: Fly out, F8 (Line Drive, 8LM)
Runner from 3rd tags up, SCORES, no throw
Batting: RHB Lowie van den Bogaert 0-0: Foul Ball, location: 2F
0-1: Ball
1-1: Called Strike
1-2: Ball
2-2: Ball
3-2: Base on Balls
Pitching: LHP Alfredo González
Batting: RHB Pedro Rodríguez 0-0: Ball
1-0: Swinging Strike
1-1: Ball
2-1: Ball
3-1: Hit by Pitch
Lowie van den Bogaert to second
Batting: LHB Marcos Villarreal 0-0: Called Strike
0-1: Swinging Strike
0-2: Ball
1-2: Strikes out swinging
Bottom of the 2nd over - 1 run(s), 1 hit(s), 0 error(s), 2 left on base; Portland 1 - Tuscaloosa 8
TOP OF THE 3RD
Portland Privateers batting - Pitching for Tuscaloosa Trout Slayers : RHP Ronald Adams
Batting: LHB Jeff Dorney 0-0: Ball
1-0: Ball
2-0: Ball
3-0: Called Strike
3-1: DOUBLE (Groundball, 3L)
Batting: RHB Luis Pineda 0-0: Foul Ball, location: 2F
0-1: SINGLE (Line Drive, 7LS)
Jeff Dorney to third
Runner from 3rd tries for Home, SAFE, throw made home
Luis Pineda to second
Batting: RHB Juan Sánchez 0-0: Called Strike
0-1: Ball
1-1: Ball
2-1: Ball
3-1: Base on Balls
Batting: RHB Tomás Estrada 0-0: Called Strike
0-1: Ball
1-1: Foul Ball, location: 2F
1-2: Foul Ball, location: 2F
1-2: 3-RUN HOME RUN (Flyball, 89XD), Distance : 398 ft
Batting: SHB Patrick Larson 0-0: Called Strike
0-1: Ball
1-1: Swinging Strike
1-2: Ball
2-2: Foul Ball, location: 2F
2-2: Strikes out looking
Batting: RHB Júlio Vélez 0-0: Called Strike
0-1: Ball
1-1: Foul Ball, location: 2F
1-2: Strikes out swinging
Batting: LHB Juan Acotia 0-0: Ball
1-0: DOUBLE (Groundball, 3D)
Batting: RHB Jorge Cora 0-0: Ground out 4-3 (Groundball, 4)
Top of the 3rd over - 4 run(s), 4 hit(s), 0 error(s), 1 left on base; Portland 5 - Tuscaloosa 8
BOTTOM OF THE 3RD
Tuscaloosa Trout Slayers batting - Pitching for Portland Privateers : LHP Alfredo González
Batting: RHB Tetsunori Ito 0-0: Called Strike
0-1: Swinging Strike
0-2: Ball
1-2: Ball
2-2: Foul Ball, location: 2F
2-2: Foul Ball, location: 2F
2-2: Foul Ball, location: 2F
2-2: Strikes out swinging
Batting: RHB Ben Morton 0-0: Ball
1-0: SINGLE (Line Drive, 9LM)
Batting: RHB Pat Fullerton 0-0: Foul Ball, location: 2F
0-1: Foul Ball, location: 2F
0-2: Strikes out swinging
Batting: LHB Ed Murray 0-0: Ball
1-0: Called Strike
1-1: Ball
2-1: Foul Ball, location: 2F
2-2: Foul Ball, location: 2F
2-2: Fly out, F7 (Flyball, 7LM)
Bottom of the 3rd over - 0 run(s), 1 hit(s), 0 error(s), 1 left on base; Portland 5 - Tuscaloosa 8
TOP OF THE 4TH
Portland Privateers batting - Pitching for Tuscaloosa Trout Slayers : RHP Ronald Adams
Batting: LHB Dillon Beck 0-0: Foul Ball, location: 2F
0-1: SINGLE (Groundball, 34D)
Batting: LHB Jeff Dorney 0-0: Called Strike
0-1: Foul Ball, location: 2F
0-2: Ball
1-2: 2-RUN HOME RUN (Flyball, 89XD), Distance : 412 ft
Pitching: RHP Jules Côté
Batting: RHB Luis Pineda 0-0: Foul Ball, location: 2F
0-1: Ball
1-1: Swinging Strike
1-2: Strikes out swinging
Batting: RHB Juan Sánchez 0-0: Swinging Strike
0-1: Ball
1-1: Called Strike
1-2: Strikes out swinging
Batting: RHB Tomás Estrada 0-0: Called Strike
0-1: Ball
1-1: Foul Ball, location: 2F
1-2: Ball
2-2: Ball
3-2: Ground out 5-3 (Groundball, 5)
Top of the 4th over - 2 run(s), 2 hit(s), 0 error(s), 0 left on base; Portland 7 - Tuscaloosa 8
BOTTOM OF THE 4TH
Tuscaloosa Trout Slayers batting - Pitching for Portland Privateers : LHP Alfredo González
Batting: RHB Ryan McBride 0-0: Called Strike
0-1: Foul Ball, location: 2F
0-2: Fly out, F9 (Flyball, 89M)
Batting: LHB Albert Morgan 0-0: Called Strike
0-1: Called Strike
0-2: Foul Ball, location: 2F
0-2: Ball
1-2: Foul Ball, location: 2F
1-2: Strikes out swinging
Batting: RHB Lowie van den Bogaert 0-0: Ball
1-0: Ball
2-0: Ball
3-0: Called Strike
3-1: Called Strike
3-2: Foul Ball, location: 2F
3-2: Ground out 4-3 (Groundball, 4)
Bottom of the 4th over - 0 run(s), 0 hit(s), 0 error(s), 0 left on base; Portland 7 - Tuscaloosa 8
TOP OF THE 5TH
Portland Privateers batting - Pitching for Tuscaloosa Trout Slayers : RHP Jules Côté
Batting: SHB Patrick Larson 0-0: Foul Ball, location: 2F
0-1: Ball
1-1: Called Strike
1-2: Ball
2-2: Ball
3-2: Base on Balls
Batting: RHB Júlio Vélez 0-0: Ball
1-0: Called Strike
1-1: Foul Ball, location: 2F
1-2: Ball
2-2: Strikes out looking
Batting: LHB Juan Acotia 0-0: Called Strike
0-1: Ball
1-1: Ball
Wild Pitch!
Patrick Larson to second
2-1: Swinging Strike
2-2: Ground out 4-3 (Groundball, 4)
Patrick Larson to third
Batting: RHB Jorge Cora 0-0: Foul Ball, location: 2F
0-1: Swinging Strike
0-2: Strikes out swinging
Top of the 5th over - 0 run(s), 0 hit(s), 0 error(s), 1 left on base; Portland 7 - Tuscaloosa 8
BOTTOM OF THE 5TH
Tuscaloosa Trout Slayers batting - Pitching for Portland Privateers : LHP Alfredo González
Batting: RHB Pedro Rodríguez 0-0: Called Strike
0-1: Foul Ball, location: 2F
0-2: Ball
1-2: Ball
2-2: Strikes out swinging
Batting: LHB Marcos Villarreal 0-0: Fly out, F7 (Flyball, 78XD)
Batting: RHB Tetsunori Ito 0-0: Ball
1-0: Swinging Strike
1-1: Foul Ball, location: 2F
1-2: Strikes out swinging
Bottom of the 5th over - 0 run(s), 0 hit(s), 0 error(s), 0 left on base; Portland 7 - Tuscaloosa 8
TOP OF THE 6TH
Portland Privateers batting - Pitching for Tuscaloosa Trout Slayers : RHP Jules Côté
Pitching: LHP Claude Pinard
Batting: LHB Dillon Beck 0-0: Ground out 4-3 (Groundball, 34)
Batting: LHB Jeff Dorney 0-0: Called Strike
0-1: Called Strike
0-2: Fly out, F8 (Flyball, 8LS)
Batting: RHB Luis Pineda 0-0: Ball
1-0: Ball
2-0: Ball
3-0: Called Strike
3-1: Called Strike
3-2: SINGLE (Line Drive, 8LS)
Batting: RHB Juan Sánchez 0-0: Ball
1-0: Ball
2-0: Swinging Strike
2-1: Ball
3-1: Foul Ball, location: 2F
3-2: Base on Balls
Luis Pineda to second
Batting: RHB Tomás Estrada 0-0: Ground out 6-3 (Groundball, 6)
Top of the 6th over - 0 run(s), 1 hit(s), 0 error(s), 2 left on base; Portland 7 - Tuscaloosa 8
BOTTOM OF THE 6TH
Tuscaloosa Trout Slayers batting - Pitching for Portland Privateers : LHP Alfredo González
Batting: RHB Ben Morton 0-0: Fly out, F9 (Line Drive, 9S)
Batting: RHB Pat Fullerton 0-0: Swinging Strike
0-1: Ball
1-1: Ball
2-1: Ball
3-1: Reached on error, E6 (Groundball, 6)
Batting: LHB Ed Murray 0-0: Fly out, F2 (Popup, 25F)
Batting: RHB Ryan McBride 0-0: Ball
1-0: Ball
2-0: Called Strike
2-1: Foul Ball, location: 2F
2-2: Ball
3-2: Foul Ball, location: 2F
3-2: Base on Balls
Pat Fullerton to second
Batting: LHB Albert Morgan 0-0: Foul Ball, location: 2F
0-1: SINGLE (Groundball, 5D)
Pat Fullerton to third
Ryan McBride to second
Runner from 3rd tries for Home, SAFE, no throw or cutoff
Batting: RHB Lowie van den Bogaert 0-0: Called Strike
0-1: Ball
1-1: Swinging Strike
1-2: Ball
2-2: Foul Ball, location: 2F
2-2: Foul Ball, location: 2F
2-2: Ball
3-2: Fly out, F4 (Line Drive, 4)
Bottom of the 6th over - 1 run(s), 1 hit(s), 1 error(s), 2 left on base; Portland 7 - Tuscaloosa 9
TOP OF THE 7TH
Portland Privateers batting - Pitching for Tuscaloosa Trout Slayers : LHP Claude Pinard
Batting: SHB Patrick Larson 0-0: Called Strike
0-1: SINGLE (Line Drive, 34)
Batting: RHB Júlio Vélez 0-0: Ball
1-0: Foul Ball, location: 2F
1-1: Called Strike
1-2: Foul Ball, location: 2F
1-2: SINGLE (Groundball, 56D)
Patrick Larson to second
Pinch Hitting: RHB José Balina 0-0: Ball
1-0: Ball
2-0: Ball
3-0: Base on Balls
Patrick Larson to third
Júlio Vélez to second
Batting: RHB Jorge Cora 0-0: Foul Ball, location: 2F
0-1: Ball
1-1: Fly out, F8 (Flyball, 8LD)
Runner from 3rd tags up, SCORES, no throw
Batting: LHB Dillon Beck 0-0: Ball
1-0: Ball
2-0: Foul Ball, location: 2F
2-1: Ball
3-1: Fly out, F6 (Popup, 6MD)
Pitching: RHP Jesús Ramos
Batting: LHB Jeff Dorney 0-0: Ball
1-0: Foul Ball, location: 2F
1-1: Foul Ball, location: 2F
1-2: Fly out, F2 (Popup, 23)
Top of the 7th over - 1 run(s), 2 hit(s), 0 error(s), 2 left on base; Portland 8 - Tuscaloosa 9
BOTTOM OF THE 7TH
Tuscaloosa Trout Slayers batting - Pitching for Portland Privateers : LHP Alfredo González
Pitching: RHP Héctor Negrón
Now in CF: José Balina
Batting: RHB Pedro Rodríguez 0-0: Ball
1-0: Foul Ball, location: 2F
1-1: Ball
2-1: SOLO HOME RUN (Flyball, 9D), Distance : 373 ft
Batting: LHB Marcos Villarreal 0-0: Ball
1-0: Ball
2-0: Foul Ball, location: 2F
2-1: Called Strike
2-2: Foul Ball, location: 2F
2-2: Ball
3-2: Base on Balls
Batting: RHB Tetsunori Ito 0-0: Bunted foul
0-1: Ball
1-1: Bunted foul
1-2: SINGLE (Groundball, 56D) (infield hit)
Marcos Villarreal to second
Batting: RHB Ben Morton 0-0: Ball
1-0: Ball
2-0: Foul Ball, location: 2F
2-1: Foul Ball, location: 2F
2-2: Strikes out looking
Pinch Hitting: LHB Ed Hart 0-0: Swinging Strike
0-1: Fly out, F8 (Line Drive, 8LS)
Batting: LHB Ed Murray 0-0: Called Strike
0-1: Ball
1-1: Called Strike
1-2: Fly out, F8 (Flyball, 8LM)
Bottom of the 7th over - 1 run(s), 2 hit(s), 0 error(s), 2 left on base; Portland 8 - Tuscaloosa 10
TOP OF THE 8TH
Portland Privateers batting - Pitching for Tuscaloosa Trout Slayers : RHP Jesús Ramos
Now in LF: Ed Hart
Batting: RHB Luis Pineda 0-0: Swinging Strike
0-1: Called Strike
0-2: Foul Ball, location: 2F
0-2: Ball
1-2: Strikes out swinging
Batting: RHB Juan Sánchez 0-0: Ball
1-0: Ball
2-0: Ball
3-0: Called Strike
3-1: Called Strike
3-2: Foul Ball, location: 2F
3-2: Foul Ball, location: 2F
3-2: Strikes out swinging
Batting: RHB Tomás Estrada 0-0: Ball
1-0: SINGLE (Groundball, 6M)
Batting: SHB Patrick Larson 0-0: Ball
1-0: Ball
2-0: Ball
3-0: Base on Balls
Tomás Estrada to second
Pinch Hitting: LHB Yasuhiko Onodera 0-0: Ball
1-0: Called Strike
1-1: Ground out 5-3 (Groundball, 5)
Top of the 8th over - 0 run(s), 1 hit(s), 0 error(s), 2 left on base; Portland 8 - Tuscaloosa 10
BOTTOM OF THE 8TH
Tuscaloosa Trout Slayers batting - Pitching for Portland Privateers : RHP Héctor Negrón
Now at 2B: Yasuhiko Onodera
Batting: RHB Ryan McBride 0-0: Called Strike
0-1: Ground out 5-3 (Groundball, 5)
Batting: LHB Albert Morgan 0-0: Foul Ball, location: 2F
0-1: Foul Ball, location: 2F
0-2: Ball
1-2: Foul Ball, location: 2F
1-2: Fly out, F7 (Flyball, 7S)
Batting: RHB Lowie van den Bogaert 0-0: Called Strike
0-1: Fly out, F9 (Line Drive, 9S)
Bottom of the 8th over - 0 run(s), 0 hit(s), 0 error(s), 0 left on base; Portland 8 - Tuscaloosa 10
TOP OF THE 9TH
Portland Privateers batting - Pitching for Tuscaloosa Trout Slayers : RHP Jesús Ramos
Batting: RHB José Balina 0-0: Ball
1-0: Foul Ball, location: 2F
1-1: Ball
2-1: Ball
3-1: Foul Ball, location: 2F
3-2: DOUBLE (Flyball, 8RXD)
Batting: RHB Jorge Cora 0-0: Ball
1-0: 2-RUN HOME RUN (Flyball, 89XD), Distance : 405 ft
Pitching: RHP Juan Patino
Batting: LHB Dillon Beck 0-0: Foul Ball, location: 2F
0-1: Called Strike
0-2: SINGLE (Groundball, 4M)
Batting: LHB Jeff Dorney 0-0: Sac Bunt - play at first, batter OUT! 1-4
Dillon Beck to second
Pinch Hitting: LHB Manny Domínguez 0-0: Ball
1-0: Foul Ball, location: 2F
Single, Error in OF, E9, batter to second base
Dillon Beck scores
Batting: RHB Juan Sánchez 0-0: Foul Ball, location: 2F
0-1: Ball
1-1: Ball
2-1: SINGLE (Line Drive, 56)
Manny Domínguez to third
Batting: RHB Tomás Estrada 0-0: Called Strike
0-1: Ball
1-1: Foul Ball, location: 2F
1-2: Foul Ball, location: 2F
1-2: Foul Ball, location: 2F
1-2: SINGLE (Groundball, 6MD) (infield hit)
Manny Domínguez scores
Juan Sánchez to second
Pitching: RHP John Charles
Pinch Hitting: LHB Arturo López 0-0: Ball
1-0: Called Strike
1-1: Grounds out, U3 (Groundball, 3L)
Juan Sánchez to third
Batting: LHB Yasuhiko Onodera 0-0: Ball
1-0: Foul Ball, location: 2F
1-1: Ball
2-1: Called Strike
2-2: Ball
3-2: Foul Ball, location: 2F
3-2: Foul Ball, location: 2F
3-2: Fly out, F5 (Popup, 5F)
Top of the 9th over - 4 run(s), 6 hit(s), 1 error(s), 2 left on base; Portland 12 - Tuscaloosa 10
BOTTOM OF THE 9TH
Tuscaloosa Trout Slayers batting - Pitching for Portland Privateers : RHP Héctor Negrón
Pitching: RHP Mario Ramos
Now at 3B: Ramiro Gámez
Now at SS: Arturo López
Batting: RHB Pedro Rodríguez 0-0: Ball
1-0: Ball
2-0: Ground out 5-3 (Groundball, 5)
Batting: LHB Marcos Villarreal 0-0: Ball
1-0: Called Strike
1-1: Ball
2-1: Ball
3-1: Swinging Strike
3-2: Foul Ball, location: 2F
3-2: Foul Ball, location: 2F
3-2: Foul Ball, location: 2F
3-2: Base on Balls
Pinch Hitting: RHB José Fernández 0-0: Ball
1-0: Foul Ball, location: 2F
1-1: Ball
2-1: Foul Ball, location: 2F
2-2: Foul Ball, location: 2F
2-2: DOUBLE (Flyball, 8RXD)
Marcos Villarreal to third
Runner from 3rd tries for Home, SAFE, no throw or cutoff
Pinch Hitting: LHB Miguel Rosa 0-0: Foul Ball, location: 2F
0-1: Ball
1-1: Called Strike
1-2: Foul Ball, location: 2F
1-2: SINGLE (Groundball, 34)
José Fernández to third
Runner from 3rd tries for Home, SAFE, throw made home
Miguel Rosa to second
Batting: LHB Ed Hart 0-0: Foul Ball, location: 2F
0-1: Called Strike
0-2: Strikes out swinging
Batting: LHB Ed Murray 0-0: Foul Ball, location: 2F
0-1: Ball
1-1: Ball
2-1: Foul Ball, location: 2F
2-2: Ball
3-2: Base on Balls
Batting: RHB Ryan McBride 0-0: Ball
1-0: Ground out 5-3 (Groundball, 5)
Bottom of the 9th over - 2 run(s), 2 hit(s), 0 error(s), 2 left on base; Portland 12 - Tuscaloosa 12
TOP OF THE 10TH
Portland Privateers batting - Pitching for Tuscaloosa Trout Slayers : RHP John Charles
Pitching: RHP Jesús Zapata
Now at C: Satoru Daikawa
Now at 3B: Dave Hall
Batting: RHB José Balina 0-0: Called Strike
0-1: Ball
1-1: Called Strike
1-2: Strikes out swinging
Batting: RHB Jorge Cora 0-0: Ball
1-0: Called Strike
1-1: Foul Ball, location: 2F
1-2: Fly out, F3 (Popup, 3)
Batting: LHB Dillon Beck 0-0: Fly out, F9 (Flyball, 89M)
Top of the 10th over - 0 run(s), 0 hit(s), 0 error(s), 0 left on base; Portland 12 - Tuscaloosa 12
BOTTOM OF THE 10TH
Tuscaloosa Trout Slayers batting - Pitching for Portland Privateers : RHP Mario Ramos
Batting: LHB Albert Morgan 0-0: Foul Ball, location: 2F
0-1: Ball
1-1: Ground out 4-3 (Groundball, 34)
Batting: RHB Lowie van den Bogaert 0-0: Foul Ball, location: 2F
0-1: Ball
1-1: Called Strike
1-2: Fly out, F9 (Popup, 34D)
Pinch Hitting: LHB Ricardo Berroa 0-0: Ball
1-0: Called Strike
1-1: Called Strike
1-2: Fly out, F8 (Line Drive, 8LM)
Bottom of the 10th over - 0 run(s), 0 hit(s), 0 error(s), 0 left on base; Portland 12 - Tuscaloosa 12
TOP OF THE 11TH
Portland Privateers batting - Pitching for Tuscaloosa Trout Slayers : RHP Jesús Zapata
Now at 1B: Ricardo Berroa
Batting: LHB Jeff Dorney 0-0: Ball
1-0: Foul Ball, location: 2F
1-1: Ball
2-1: Ground out 4-3 (Groundball, 4)
Batting: RHB Ramiro Gámez 0-0: Swinging Strike
0-1: Ball
1-1: Ball
2-1: SINGLE (Popup, 78S)
Batting: RHB Juan Sánchez 0-0: Ball
1-0: Foul Ball, location: 2F
1-1: Hit by Pitch
Ramiro Gámez to second
Pinch Runner at 1st Dave Nelson:
Batting: RHB Tomás Estrada 0-0: Ball
1-0: Ball
2-0: Ball
3-0: Base on Balls
Ramiro Gámez to third
Dave Nelson to second
Batting: LHB Arturo López 0-0: Ball
1-0: Ball
2-0: Foul Ball, location: 2F
2-1: Foul Ball, location: 2F
2-2: Foul Ball, location: 2F
2-2: Foul Ball, location: 2F
2-2: Ball
3-2: SINGLE (Groundball, 4M)
Ramiro Gámez scores
Dave Nelson to third
Tomás Estrada to second
Runner from 3rd tries for Home, SAFE, throw made home
Batting: LHB Yasuhiko Onodera 0-0: Called Strike
0-1: Called Strike
0-2: Ball
1-2: Ball
2-2: TRIPLE (Line Drive, 8LM)
Tomás Estrada scores
Arturo López scores
Pitching: RHP Cristóbal Santos
Batting: RHB José Balina 0-0: Called Strike
0-1: Ball
1-1: Foul Ball, location: 2F
1-2: Strikes out looking
Batting: RHB Jorge Cora 0-0: Swinging Strike
0-1: Foul Ball, location: 2F
0-2: Ball
1-2: Ball
2-2: Fly out, F8 (Flyball, 8LM)
Top of the 11th over - 4 run(s), 3 hit(s), 0 error(s), 1 left on base; Portland 16 - Tuscaloosa 12
BOTTOM OF THE 11TH
Tuscaloosa Trout Slayers batting - Pitching for Portland Privateers : RHP Mario Ramos
Pitching: RHP José García
Now at C: Dave Nelson
Batting: LHB Marcos Villarreal 0-0: SINGLE (Flyball, 8RM)
Batting: RHB Satoru Daikawa 0-0: Ball
1-0: Ball
2-0: Called Strike
2-1: Ball
3-1: SINGLE (Groundball, 6MD)
Marcos Villarreal to second
Pitching: LHP Jaime Ayala
Batting: RHB Dave Hall 0-0: Swinging Strike
0-1: Ball
1-1: Swinging Strike
1-2: Grounds into double play, 6-4-3 (Groundball, 56)
Marcos Villarreal to third
Batting: LHB Ed Hart 0-0: SINGLE (Groundball, 4M)
Marcos Villarreal scores
Batting: LHB Ed Murray 0-0: Called Strike
0-1: SINGLE (Flyball, 8RS)
Ed Hart to second
Runner from 2nd tries for 3rd, SAFE, throw made to third
Batting: RHB Ryan McBride 0-0: Ball
1-0: Ball
2-0: Swinging Strike
2-1: Ball
3-1: SINGLE (Flyball, 8RS)
Ed Hart scores
Ed Murray to second
Pinch Hitting: RHB César Reyes 0-0: Ball
1-0: Foul Ball, location: 2F
1-1: 3-RUN HOME RUN (Line Drive, 7LD), Distance : 335 ft
Monday, December 5th, 2016 - OOTP Baseball 17.12 Build 75